BlackHawks vs Oilers

Created - October 31, 2015 at 10:39

Goals
1 2 3 T
BlackHawks 1 0 0 1
Oilers 0 1 1 2
Shots
1 2 3 T
BlackHawks 9 13 4 26
Oilers 10 15 10 35

1st period

1. BlackHawks , Ryan OReilly 3 (Dion Phaneuf) at 18:37

Penalties :
Chris Stewart (CHI) for Slashing (Minor) at 3:54, Keith Aulie (CHI) for Elbowing (Minor) at 6:20, Martin Hanzal (CHI) for Tripping (Minor) at 13:32, Tom Wilson (CHI) for Roughing (Minor) at 15:23, Scottie Upshall (EDM) for Holding (Minor) at 19:04

2nd period

2. Oilers , Marc-Edouard Vlasic 3 (Ryan Kesler, Mikkel Boedker) at 6:12 (PP)

Penalties :
Alex Petrovic (EDM) for Hooking (Minor) at 1:45, Zack Kassian (CHI) for Roughing (Double Minor) at 3:43, Trevor Lewis (CHI) for Interference (Minor) at 16:41

3rd period

3. Oilers , Drew Miller 3 (Aleksander Barkov, Kyle Quincey) at 8:42

Penalties :
Kevin Bieksa (CHI) for Holding (Minor) at 6:19, Marc Methot (EDM) for Tripping (Minor) at 9:21, Robyn Regehr (CHI) for Hooking (Minor) at 13:04, Adam McQuaid (CHI) for Holding (Minor) at 14:25

Goalie Stats

Cam Ward (CHI), 33 saves from 35 shots - (0.943), L, 1-3-2, 58:42 minutes
Martin Jones (EDM), 25 saves from 26 shots - (0.962), W, 2-1-0, 60:00 minutes

Players Stats for BlackHawks

Player Name              G  A  P  +/- PIM S  H  SB GA TA FO     MP     PP MP  PK MP  
------------------------------------------------------------------------------------
Adam McQuaid             0  0  0   0  2   0  4  1  0  0  0/0    19:07   0:00   8:19 
Alex Galchenyuk          0  0  0  -1  0   3  0  0  0  0  1/1    17:04   3:23   0:27 
Brandon Bollig           0  0  0   0  0   0  1  0  0  0  0/0     4:07   0:00   0:00 
Chris Stewart            0  0  0   1  2   2  0  0  0  0  1/1    14:40   2:33   0:00 
Dion Phaneuf             0  1  1   1  0   0  3  2  0  0  0/0    25:29   3:46   9:10 
Dwight King              0  0  0   0  0   1  0  0  0  0  0/0    16:37   0:00   9:36 
Keith Aulie              0  0  0   0  2   0  2  2  0  0  0/0    14:41   0:00   1:44 
Kevin Bieksa             0  0  0  -1  2   2  3  1  0  0  0/0    21:48   3:46   7:04 
Marcus Foligno           0  0  0   1  0   3  1  0  0  0  0/1    14:41   2:33   0:00 
Marek Zidlicky           0  0  0  -1  0   1  0  0  0  0  0/0    16:44   2:10   0:51 
Martin Hanzal            0  0  0  -1  2   3  2  0  0  0  10/22  16:35   3:23   0:00 
Mike Richards            0  0  0   0  0   0  0  0  0  0  9/19   14:08   0:00  10:01 
Robyn Regehr             0  0  0   1  2   0  2  0  0  0  0/0    22:07   2:10   7:59 
Ryan OReilly             1  0  1   1  0   8  0  0  0  0  9/18   17:48   2:33   2:32 
Ryan Reaves              0  0  0   0  0   0  0  0  0  0  0/0     4:07   0:00   0:00 
Tom Wilson               0  0  0   0  2   1  2  0  0  0  1/1    12:22   0:00   5:21 
Trevor Lewis             0  0  0   0  2   0  1  0  0  0  8/18   13:24   0:00   6:24 
Zack Kassian             0  0  0  -1  4   2  4  0  0  0  0/0    16:01   3:22   0:00 

Players Stats for Oilers

Player Name              G  A  P  +/- PIM S  H  SB GA TA FO     MP     PP MP  PK MP  
------------------------------------------------------------------------------------
Aleksander Barkov        0  1  1   1  0   3  1  0  0  0  3/10    8:04   0:20   0:22 
Alex Petrovic            0  0  0   1  2   0  1  0  0  0  0/0    12:27   0:00   1:10 
Antoine Vermette         0  0  0   0  0   2  0  0  0  0  2/5    22:47   9:16   1:39 
Brian Campbell           0  0  0   0  0   3  0  0  0  0  0/0    21:10   8:32   1:55 
Brian Flynn              0  0  0  -1  0   0  0  1  0  0  0/0     6:48   0:00   1:39 
Dominic Moore            0  0  0  -1  0   0  0  0  0  0  5/13    9:24   0:20   3:55 
Drew Miller              1  0  1   1  0   1  3  0  0  0  1/1    11:39   0:00   4:17 
Emerson Etem             0  0  0  -1  0   0  0  0  0  0  0/0     5:09   0:00   0:00 
Justin Williams          0  0  0   0  0   6  0  1  0  0  0/1    20:04   7:58   0:00 
Kyle Quincey             0  1  1   1  0   0  1  1  0  0  0/0    11:44   0:00   0:00 
Marc Methot              0  0  0   0  2   4  2  1  0  0  0/0    22:33   8:32   2:29 
Marc-Edouard Vlasic      1  0  1  -1  0   2  0  1  0  0  0/0    24:58   9:02   2:17 
Marco Scandella          0  0  0  -1  0   2  1  1  0  0  0/0    27:06   9:02   4:01 
Mikkel Boedker           0  1  1   0  0   5  2  0  0  0  1/1    21:08   9:16   0:00 
Nail Yakupov             0  0  0   1  0   2  0  0  0  0  0/1     7:22   0:00   0:00 
Ryan Kesler              0  1  1   0  0   3  2  0  0  0  13/24  21:09   9:16   0:00 
Scottie Upshall          0  0  0   0  2   0  3  0  0  0  0/0    20:03   7:58   0:00 
Tyler Bozak              0  0  0   0  0   2  2  0  0  0  17/25  20:25   8:18   0:00 

3 Stars

1 - Martin Jones (EDM)
2 - Drew Miller (EDM)
3 - Cam Ward (CHI)

Power Play

BlackHawks - 0 on 3 Attempt(s) - 0.00%
Oilers - 1 on 10 Attempt(s) - 10.00%

Penalty Kill

BlackHawks - 9 on 10 Attempt(s) - 90.00% - Score 0 goal in Penalty Kill
Oilers - 3 on 3 Attempt(s) - 100.00% - Score 0 goal in Penalty Kill

Team Stat

BlackHawks - Hits : 25 - Faceoff Wins : 39 - Blocked Shots : 6 - Penalty Minutes : 20
Oilers - Hits : 18 - Faceoff Wins : 42 - Blocked Shots : 6 - Penalty Minutes : 6

Official

Referees : Kelly Sutherland and Garrett Rank
Linesman : Jean Morin and Shandor Alphonso

Game Notes

No Game Note

Finance

Level 1 -- Attendance: 6500 (100.00%) -- Ticket Income $507,000
Level 2 -- Attendance: 4584 (91.68%) -- Ticket Income $330,048
Level 3 -- Attendance: 2276 (65.03%) -- Ticket Income $147,940
Level 4 -- Attendance: 839 (100.00%) -- Ticket Income $53,696
Luxury Box -- Attendance: 1000 (100.00%) -- Ticket Income $190,000
Game was played at the Rexall Place.
Total Attendance: 15199 (90.26%)
Total Ticket Income: $1,228,684
Other Income: $184,303
Total Income: $1,412,987

% Time on Ice - BlackHawks

Lines # - Real PCT - Wanted PCT - Time Play
Normal Forward
1 - 35% - 38% - 12:39
2 - 34% - 36% - 12:08
3 - 20% - 16% - 7:01
4 - 11% - 10% - 4:07
Normal Defense
1 - 33% - 37% - 11:58
2 - 31% - 34% - 10:59
3 - 30% - 29% - 10:48
4 - 6% - 0% - 2:10
PP Forward
1 - 57% - 55% - 3:23
2 - 43% - 45% - 2:33
PP Defense
1 - 63% - 60% - 3:46
2 - 37% - 40% - 2:10
PK Forward
1 - 60% - 55% - 10:06
2 - 40% - 45% - 6:42
PK Defense
1 - 51% - 55% - 8:30
2 - 49% - 45% - 8:18
PK3 Forward
1 - 65% - 50% - 0:30
2 - 35% - 50% - 0:16
PK3 Defense
1 - 100% - 55% - 0:46
2 - 0% - 45% - 0:00
44 Forward
1 - 100% - 55% - 0:01
2 - 0% - 45% - 0:00
44 Defense
1 - 100% - 55% - 0:01
2 - 0% - 45% - 0:00
Last Minute Offensive  - 0:34
Last Minute Defensive  - 0:00
Total
Forward - 60:00
Defense - 60:00

% Time on Ice - Oilers

Lines # - Real PCT - Wanted PCT - Time Play
Normal Forward
1 - 32% - 40% - 11:26
2 - 34% - 30% - 12:06
3 - 20% - 20% - 7:22
4 - 14% - 10% - 5:09
Normal Defense
1 - 38% - 40% - 13:38
2 - 30% - 30% - 10:42
3 - 31% - 20% - 11:18
4 - 1% - 10% - 0:25
PP Forward
1 - 53% - 50% - 9:16
2 - 47% - 50% - 8:18
PP Defense
1 - 51% - 60% - 9:02
2 - 49% - 40% - 8:32
PK Forward
1 - 72% - 60% - 4:17
2 - 28% - 40% - 1:39
PK Defense
1 - 68% - 60% - 4:01
2 - 32% - 40% - 1:55
PK3 Forward
1 - 0% - 60%
2 - 0% - 40%
PK3 Defense
1 - 0% - 60%
2 - 0% - 40%
44 Forward
1 - 100% - 50% - 0:01
2 - 0% - 50% - 0:00
44 Defense
1 - 0% - 60% - 0:00
2 - 100% - 40% - 0:01
Last Minute Offensive  - 0:00
Last Minute Defensive  - 0:26
Total
Forward - 60:00
Defense - 60:00

Play by Play

1st period


0:01 of 1st period - Martin Hanzal wins face-off versus Ryan Kesler in neutral zone.
0:17 of 1st period - Marc-Edouard Vlasic is hit by Martin Hanzal and loses puck.
0:45 of 1st period - Mikkel Boedker is hit by Zack Kassian.
0:54 of 1st period - Icing by Marco Scandella.
0:55 of 1st period - Ryan Kesler wins face-off versus Ryan OReilly in Oilers zone.
1:33 of 1st period - Icing by Brian Campbell.
1:34 of 1st period - Tyler Bozak wins face-off versus Trevor Lewis in Oilers zone.
1:43 of 1st period - Adam McQuaid is hit by Scottie Upshall.
1:53 of 1st period - Shot by Justin Williams.
1:53 of 1st period - Stopped by Cam Ward with a rebound.
1:55 of 1st period - Shot by Scottie Upshall.
1:55 of 1st period - Shot Misses the Net.
2:08 of 1st period - Icing by Trevor Lewis.
2:09 of 1st period - Trevor Lewis wins face-off versus Aleksander Barkov in BlackHawks zone.
2:14 of 1st period - Shot by Tom Wilson.
2:14 of 1st period - Stopped by Martin Jones without a rebound.
2:15 of 1st period - Mike Richards wins face-off versus Nail Yakupov in Oilers zone.
2:16 of 1st period - Shot by Marek Zidlicky.
2:16 of 1st period - Stopped by Martin Jones without a rebound.
2:17 of 1st period - Mike Richards wins face-off versus Aleksander Barkov in Oilers zone.
2:17 of 1st period - Mike Richards is hit by Kyle Quincey.
3:29 of 1st period - Off-side.
3:30 of 1st period - Ryan OReilly wins face-off versus Ryan Kesler in neutral zone.
3:38 of 1st period - Marc-Edouard Vlasic is hit by Marcus Foligno and loses puck.
3:54 of 1st period - Minor Penalty to Chris Stewart for Slashing.
3:55 of 1st period - Tyler Bozak wins face-off versus Mike Richards in BlackHawks zone.
4:02 of 1st period - Shot by Marc Methot.
4:02 of 1st period - Shot Misses the Net.
4:04 of 1st period - Shot by Marc Methot.
4:04 of 1st period - Shot Misses the Net.
4:06 of 1st period - Shot by Justin Williams.
4:06 of 1st period - Stopped by Cam Ward with a rebound.
4:27 of 1st period - Brian Campbell is hit by Adam McQuaid and loses puck.
4:36 of 1st period - Shot by Marc Methot.
4:36 of 1st period - Stopped by Cam Ward without a rebound.
4:37 of 1st period - Tom Wilson wins face-off versus Ryan Kesler in BlackHawks zone.
4:37 of 1st period - Tom Wilson is hit by Mikkel Boedker.
5:08 of 1st period - Shot by Marco Scandella.
5:08 of 1st period - Stopped by Cam Ward with a rebound.
5:10 of 1st period - Shot by Ryan Kesler.
5:10 of 1st period - Shot Misses the Net.
5:19 of 1st period - Ryan Kesler is hit by Dion Phaneuf and loses puck.
5:42 of 1st period - Shot by Brian Campbell.
5:42 of 1st period - Shot Blocked by Kevin Bieksa.
5:44 of 1st period - Shot by Marc Methot.
5:44 of 1st period - Stopped by Cam Ward without a rebound.
5:45 of 1st period - Tyler Bozak wins face-off versus Trevor Lewis in BlackHawks zone.
6:03 of 1st period - Marek Zidlicky is hit by Drew Miller and loses puck.
6:19 of 1st period - Aleksander Barkov is hit by Keith Aulie and loses puck.
6:20 of 1st period - Minor Penalty to Keith Aulie for Elbowing.
6:21 of 1st period - Ryan Kesler wins face-off versus Trevor Lewis in BlackHawks zone.
8:28 of 1st period - Shot by Alex Galchenyuk.
8:28 of 1st period - Stopped by Martin Jones with a rebound.
8:30 of 1st period - Shot by Zack Kassian.
8:30 of 1st period - Shot Blocked by Kyle Quincey.
8:36 of 1st period - Shot by Martin Hanzal.
8:36 of 1st period - Stopped by Martin Jones without a rebound.
8:37 of 1st period - Ryan OReilly wins face-off versus Aleksander Barkov in Oilers zone.
8:42 of 1st period - Shot by Ryan OReilly.
8:42 of 1st period - Shot Misses the Net.
8:44 of 1st period - Shot by Ryan OReilly.
8:44 of 1st period - Stopped by Martin Jones without a rebound.
8:45 of 1st period - Ryan OReilly wins face-off versus Aleksander Barkov in Oilers zone.
9:05 of 1st period - Off-side.
9:06 of 1st period - Martin Hanzal wins face-off versus Tyler Bozak in neutral zone.
9:16 of 1st period - Shot by Zack Kassian.
9:16 of 1st period - Shot Blocked by Marc-Edouard Vlasic.
9:55 of 1st period - Icing by Marc-Edouard Vlasic.
9:56 of 1st period - Ryan OReilly wins face-off versus Tyler Bozak in Oilers zone.
10:07 of 1st period - Shot by Marcus Foligno.
10:07 of 1st period - Stopped by Martin Jones without a rebound.
10:08 of 1st period - Ryan Kesler wins face-off versus Trevor Lewis in Oilers zone.
10:22 of 1st period - Mikkel Boedker is hit by Kevin Bieksa and loses puck.
10:25 of 1st period - Shot by Antoine Vermette.
10:25 of 1st period - Shot Misses the Net.
10:30 of 1st period - Ryan Kesler is hit by Kevin Bieksa and loses puck.
10:41 of 1st period - Shot by Dwight King.
10:41 of 1st period - Shot Misses the Net.
10:52 of 1st period - Mikkel Boedker is hit by Tom Wilson and loses puck.
11:58 of 1st period - Shot by Zack Kassian.
11:58 of 1st period - Stopped by Martin Jones without a rebound.
11:59 of 1st period - Tyler Bozak wins face-off versus Mike Richards in Oilers zone.
11:59 of 1st period - Justin Williams is hit by Brandon Bollig and loses puck.
12:19 of 1st period - Ryan Reaves is hit by Scottie Upshall and loses puck.
12:59 of 1st period - Shot by Martin Hanzal.
12:59 of 1st period - Shot Misses the Net.
13:08 of 1st period - Marc-Edouard Vlasic is hit by Zack Kassian and loses puck.
13:22 of 1st period - Alex Galchenyuk is hit by Marco Scandella and loses puck.
13:32 of 1st period - Minor Penalty to Martin Hanzal for Tripping.
13:33 of 1st period - Mike Richards wins face-off versus Ryan Kesler in BlackHawks zone.
13:46 of 1st period - Shot by Mikkel Boedker.
13:46 of 1st period - Shot Misses the Net.
13:48 of 1st period - Shot by Marc Methot.
13:48 of 1st period - Shot Misses the Net.
13:50 of 1st period - Shot by Ryan Kesler.
13:50 of 1st period - Stopped by Cam Ward without a rebound.
13:51 of 1st period - Trevor Lewis wins face-off versus Antoine Vermette in BlackHawks zone.
14:04 of 1st period - Shot by Brian Campbell.
14:04 of 1st period - Stopped by Cam Ward with a rebound.
14:06 of 1st period - Shot by Mikkel Boedker.
14:06 of 1st period - Stopped by Cam Ward without a rebound.
14:07 of 1st period - Trevor Lewis wins face-off versus Ryan Kesler in BlackHawks zone.
14:21 of 1st period - Ryan Kesler is hit by Dion Phaneuf and loses puck.
15:23 of 1st period - Minor Penalty to Tom Wilson for Roughing.
15:24 of 1st period - Mikkel Boedker wins face-off versus Trevor Lewis in BlackHawks zone.
15:43 of 1st period - Shot by Ryan Kesler.
15:43 of 1st period - Shot Misses the Net.
16:22 of 1st period - Shot by Justin Williams.
16:22 of 1st period - Stopped by Cam Ward without a rebound.
16:23 of 1st period - Tyler Bozak wins face-off versus Mike Richards in BlackHawks zone.
16:40 of 1st period - Shot by Dominic Moore.
16:40 of 1st period - Shot Misses the Net.
16:42 of 1st period - Shot by Marco Scandella.
16:42 of 1st period - Stopped by Cam Ward without a rebound.
16:43 of 1st period - Trevor Lewis wins face-off versus Ryan Kesler in BlackHawks zone.
17:37 of 1st period - Shot by Nail Yakupov.
17:37 of 1st period - Shot Blocked by Keith Aulie.
17:43 of 1st period - Alex Petrovic is hit by Zack Kassian and loses puck.
18:37 of 1st period - Shot by Ryan OReilly.
18:37 of 1st period - Goal by Ryan OReilly - BlackHawks : 1 - Oilers : 0.
18:38 of 1st period - Tyler Bozak wins face-off versus Ryan OReilly in neutral zone.
19:04 of 1st period - Minor Penalty to Scottie Upshall for Holding.
19:05 of 1st period - Ryan OReilly wins face-off versus Dominic Moore in Oilers zone.
19:32 of 1st period - Shot by Ryan OReilly.
19:32 of 1st period - Stopped by Martin Jones without a rebound.
19:33 of 1st period - Martin Hanzal wins face-off versus Dominic Moore in Oilers zone.
Goals for this period are 1 for BlackHawks vs 0 for Oilers.
Shots for this period are 9 for BlackHawks vs 10 for Oilers.

2nd period


0:01 of 2nd period - Drew Miller wins face-off versus Martin Hanzal in neutral zone.
0:06 of 2nd period - Icing by Kevin Bieksa.
0:07 of 2nd period - Martin Hanzal wins face-off versus Dominic Moore in BlackHawks zone.
0:07 of 2nd period - Martin Hanzal is hit by Drew Miller.
0:27 of 2nd period - Shot by Zack Kassian.
0:27 of 2nd period - Stopped by Martin Jones without a rebound.
0:28 of 2nd period - Ryan OReilly wins face-off versus Dominic Moore in Oilers zone.
0:31 of 2nd period - Shot by Ryan OReilly.
0:31 of 2nd period - Shot Blocked by Marco Scandella.
0:33 of 2nd period - Shot by Marek Zidlicky.
0:33 of 2nd period - Shot Misses the Net.
0:35 of 2nd period - Shot by Ryan OReilly.
0:35 of 2nd period - Stopped by Martin Jones without a rebound.
0:36 of 2nd period - Martin Hanzal wins face-off versus Dominic Moore in Oilers zone.
0:39 of 2nd period - Shot by Alex Galchenyuk.
0:39 of 2nd period - Stopped by Martin Jones with a rebound.
0:53 of 2nd period - Shot by Zack Kassian.
0:53 of 2nd period - Shot Misses the Net.
0:55 of 2nd period - Shot by Kevin Bieksa.
0:55 of 2nd period - Stopped by Martin Jones without a rebound.
0:56 of 2nd period - Ryan OReilly wins face-off versus Dominic Moore in Oilers zone.
1:34 of 2nd period - Shot by Dwight King.
1:34 of 2nd period - Stopped by Martin Jones with a rebound.
1:45 of 2nd period - Minor Penalty to Alex Petrovic for Hooking.
1:46 of 2nd period - Martin Hanzal wins face-off versus Dominic Moore in Oilers zone.
2:24 of 2nd period - Icing by Alex Galchenyuk.
2:25 of 2nd period - Martin Hanzal wins face-off versus Antoine Vermette in BlackHawks zone.
2:35 of 2nd period - Icing by Dion Phaneuf.
2:36 of 2nd period - Dominic Moore wins face-off versus Martin Hanzal in BlackHawks zone.
3:39 of 2nd period - Shot by Ryan OReilly.
3:39 of 2nd period - Shot Blocked by Marc Methot.
3:41 of 2nd period - Shot by Marcus Foligno.
3:41 of 2nd period - Stopped by Martin Jones without a rebound.
3:42 of 2nd period - Dominic Moore wins face-off versus Martin Hanzal in Oilers zone.
3:42 of 2nd period - Brian Campbell is hit by Zack Kassian and loses puck.
3:43 of 2nd period - Double Minor Penalty to Zack Kassian for Roughing.
3:44 of 2nd period - Ryan Kesler wins face-off versus Ryan OReilly in BlackHawks zone.
3:45 of 2nd period - Shot by Marc-Edouard Vlasic.
3:45 of 2nd period - Stopped by Cam Ward without a rebound.
3:46 of 2nd period - Tyler Bozak wins face-off versus Mike Richards in BlackHawks zone.
3:54 of 2nd period - Icing by Justin Williams.
3:55 of 2nd period - Mike Richards wins face-off versus Tyler Bozak in Oilers zone.
3:58 of 2nd period - Shot by Dwight King.
3:58 of 2nd period - Shot Misses the Net.
5:13 of 2nd period - Shot by Brian Campbell.
5:13 of 2nd period - Stopped by Cam Ward without a rebound.
5:14 of 2nd period - Tyler Bozak wins face-off versus Trevor Lewis in BlackHawks zone.
5:26 of 2nd period - Icing by Marc Methot.
5:27 of 2nd period - Tyler Bozak wins face-off versus Mike Richards in Oilers zone.
5:34 of 2nd period - Shot by Justin Williams.
5:34 of 2nd period - Shot Misses the Net.
5:36 of 2nd period - Shot by Brian Campbell.
5:36 of 2nd period - Stopped by Cam Ward without a rebound.
5:37 of 2nd period - Ryan Kesler wins face-off versus Trevor Lewis in BlackHawks zone.
6:08 of 2nd period - Shot by Mikkel Boedker.
6:08 of 2nd period - Stopped by Cam Ward with a rebound.
6:10 of 2nd period - Shot by Ryan Kesler.
6:10 of 2nd period - Stopped by Cam Ward with a rebound.
6:12 of 2nd period - Shot by Marc-Edouard Vlasic.
6:12 of 2nd period - Goal by Marc-Edouard Vlasic - BlackHawks : 1 - Oilers : 1.
6:13 of 2nd period - Ryan OReilly wins face-off versus Tyler Bozak in neutral zone.
6:18 of 2nd period - Shot by Ryan OReilly.
6:18 of 2nd period - Stopped by Martin Jones without a rebound.
6:19 of 2nd period - Ryan OReilly wins face-off versus Tyler Bozak in Oilers zone.
6:47 of 2nd period - Shot by Marcus Foligno.
6:47 of 2nd period - Stopped by Martin Jones with a rebound.
6:49 of 2nd period - Shot by Marek Zidlicky.
6:49 of 2nd period - Shot Blocked by Justin Williams.
6:51 of 2nd period - Shot by Kevin Bieksa.
6:51 of 2nd period - Stopped by Martin Jones without a rebound.
6:52 of 2nd period - Ryan Kesler wins face-off versus Martin Hanzal in Oilers zone.
6:52 of 2nd period - Ryan Kesler is hit by Martin Hanzal.
7:22 of 2nd period - Shot by Ryan Kesler.
7:22 of 2nd period - Stopped by Cam Ward without a rebound.
7:23 of 2nd period - Aleksander Barkov wins face-off versus Ryan OReilly in BlackHawks zone.
7:30 of 2nd period - Shot by Aleksander Barkov.
7:30 of 2nd period - Stopped by Cam Ward with a rebound.
7:47 of 2nd period - Shot by Nail Yakupov.
7:47 of 2nd period - Stopped by Cam Ward without a rebound.
7:48 of 2nd period - Antoine Vermette wins face-off versus Martin Hanzal in BlackHawks zone.
7:51 of 2nd period - Shot by Antoine Vermette.
7:51 of 2nd period - Stopped by Cam Ward without a rebound.
7:52 of 2nd period - Ryan Kesler wins face-off versus Martin Hanzal in BlackHawks zone.
9:08 of 2nd period - Shot by Marc Methot.
9:08 of 2nd period - Stopped by Cam Ward without a rebound.
9:09 of 2nd period - Trevor Lewis wins face-off versus Aleksander Barkov in BlackHawks zone.
9:09 of 2nd period - Trevor Lewis is hit by Aleksander Barkov.
10:28 of 2nd period - Kevin Bieksa is hit by Ryan Kesler and loses puck.
12:05 of 2nd period - Shot by Justin Williams.
12:05 of 2nd period - Stopped by Cam Ward with a rebound.
13:22 of 2nd period - Shot by Ryan OReilly.
13:22 of 2nd period - Stopped by Martin Jones with a rebound.
13:28 of 2nd period - Shot by Ryan OReilly.
13:28 of 2nd period - Stopped by Martin Jones with a rebound.
13:30 of 2nd period - Shot by Chris Stewart.
13:30 of 2nd period - Shot Misses the Net.
13:41 of 2nd period - Shot by Ryan OReilly.
13:41 of 2nd period - Stopped by Martin Jones with a rebound.
14:55 of 2nd period - Icing by Mike Richards.
14:56 of 2nd period - Tyler Bozak wins face-off versus Mike Richards in BlackHawks zone.
14:57 of 2nd period - Shot by Justin Williams.
14:57 of 2nd period - Shot Blocked by Keith Aulie.
15:10 of 2nd period - Justin Williams is hit by Adam McQuaid and loses puck.
15:16 of 2nd period - Mike Richards is hit by Scottie Upshall and loses puck.
15:22 of 2nd period - Adam McQuaid is hit by Marc Methot.
16:04 of 2nd period - Shot by Chris Stewart.
16:04 of 2nd period - Stopped by Martin Jones without a rebound.
16:05 of 2nd period - Martin Hanzal wins face-off versus Ryan Kesler in Oilers zone.
16:23 of 2nd period - Shot by Mikkel Boedker.
16:23 of 2nd period - Shot Misses the Net.
16:31 of 2nd period - Shot by Marek Zidlicky.
16:31 of 2nd period - Shot Misses the Net.
16:36 of 2nd period - Icing by Marco Scandella.
16:37 of 2nd period - Ryan Kesler wins face-off versus Trevor Lewis in Oilers zone.
16:39 of 2nd period - Mikkel Boedker is hit by Tom Wilson and loses puck.
16:41 of 2nd period - Minor Penalty to Trevor Lewis for Interference.
16:42 of 2nd period - Mike Richards wins face-off versus Ryan Kesler in BlackHawks zone.
17:01 of 2nd period - Dion Phaneuf is hit by Ryan Kesler and loses puck.
17:24 of 2nd period - Shot by Justin Williams.
17:24 of 2nd period - Stopped by Cam Ward without a rebound.
17:25 of 2nd period - Mike Richards wins face-off versus Tyler Bozak in BlackHawks zone.
17:30 of 2nd period - Shot by Tyler Bozak.
17:30 of 2nd period - Shot Misses the Net.
17:36 of 2nd period - Shot by Marc Methot.
17:36 of 2nd period - Stopped by Cam Ward without a rebound.
17:37 of 2nd period - Tyler Bozak wins face-off versus Mike Richards in BlackHawks zone.
18:40 of 2nd period - Shot by Antoine Vermette.
18:40 of 2nd period - Shot Blocked by Adam McQuaid.
18:42 of 2nd period - Shot by Nail Yakupov.
18:42 of 2nd period - Stopped by Cam Ward without a rebound.
18:43 of 2nd period - Aleksander Barkov wins face-off versus Marcus Foligno in BlackHawks zone.
19:18 of 2nd period - Robyn Regehr is hit by Drew Miller and loses puck.
19:22 of 2nd period - Icing by Ryan OReilly.
19:23 of 2nd period - Chris Stewart wins face-off versus Ryan Kesler in BlackHawks zone.
Goals for this period are 0 for BlackHawks vs 1 for Oilers.
Shots for this period are 13 for BlackHawks vs 15 for Oilers.

3rd period


0:01 of 3rd period - Martin Hanzal wins face-off versus Ryan Kesler in neutral zone.
0:34 of 3rd period - Marco Scandella is hit by Robyn Regehr.
0:42 of 3rd period - Shot by Martin Hanzal.
0:42 of 3rd period - Stopped by Martin Jones with a rebound.
1:25 of 3rd period - Icing by Brian Campbell.
1:26 of 3rd period - Tyler Bozak wins face-off versus Ryan OReilly in Oilers zone.
2:04 of 3rd period - Ryan OReilly is hit by Marc Methot and loses puck.
2:51 of 3rd period - Shot by Antoine Vermette.
2:51 of 3rd period - Stopped by Cam Ward without a rebound.
2:52 of 3rd period - Mike Richards wins face-off versus Aleksander Barkov in BlackHawks zone.
3:04 of 3rd period - Drew Miller is hit by Robyn Regehr and loses puck.
4:01 of 3rd period - Shot by Ryan OReilly.
4:01 of 3rd period - Shot Misses the Net.
4:03 of 3rd period - Shot by Marek Zidlicky.
4:03 of 3rd period - Shot Misses the Net.
4:37 of 3rd period - Shot by Alex Galchenyuk.
4:37 of 3rd period - Shot Misses the Net.
5:32 of 3rd period - Shot by Justin Williams.
5:32 of 3rd period - Shot Blocked by Dion Phaneuf.
5:42 of 3rd period - Shot by Tom Wilson.
5:42 of 3rd period - Shot Misses the Net.
5:44 of 3rd period - Shot by Robyn Regehr.
5:44 of 3rd period - Shot Misses the Net.
5:46 of 3rd period - Shot by Robyn Regehr.
5:46 of 3rd period - Shot Misses the Net.
5:52 of 3rd period - Shot by Tom Wilson.
5:52 of 3rd period - Shot Misses the Net.
6:19 of 3rd period - Minor Penalty to Kevin Bieksa for Holding.
6:20 of 3rd period - Mike Richards wins face-off versus Ryan Kesler in BlackHawks zone.
6:58 of 3rd period - Icing by Ryan Kesler.
6:59 of 3rd period - Trevor Lewis wins face-off versus Antoine Vermette in Oilers zone.
7:00 of 3rd period - Shot by Tom Wilson.
7:00 of 3rd period - Shot Misses the Net.
8:20 of 3rd period - Shot by Aleksander Barkov.
8:20 of 3rd period - Stopped by Cam Ward without a rebound.
8:21 of 3rd period - Aleksander Barkov wins face-off versus Martin Hanzal in BlackHawks zone.
8:34 of 3rd period - Shot by Nail Yakupov.
8:34 of 3rd period - Shot Hit the Post.
8:38 of 3rd period - Shot by Aleksander Barkov.
8:38 of 3rd period - Shot Misses the Net.
8:40 of 3rd period - Shot by Drew Miller.
8:40 of 3rd period - Shot Misses the Net.
8:42 of 3rd period - Shot by Drew Miller.
8:42 of 3rd period - Goal by Drew Miller - BlackHawks : 1 - Oilers : 2.
8:43 of 3rd period - Dominic Moore wins face-off versus Ryan OReilly in neutral zone.
9:00 of 3rd period - Shot by Ryan OReilly.
9:00 of 3rd period - Shot Blocked by Brian Flynn.
9:21 of 3rd period - Minor Penalty to Marc Methot for Tripping.
9:22 of 3rd period - Martin Hanzal wins face-off versus Dominic Moore in Oilers zone.
9:22 of 3rd period - Martin Hanzal is hit by Alex Petrovic.
9:30 of 3rd period - Shot by Alex Galchenyuk.
9:30 of 3rd period - Stopped by Martin Jones without a rebound.
9:31 of 3rd period - Dominic Moore wins face-off versus Martin Hanzal in Oilers zone.
10:44 of 3rd period - Off-side.
10:45 of 3rd period - Antoine Vermette wins face-off versus Ryan OReilly in neutral zone.
11:01 of 3rd period - Icing by Chris Stewart.
11:02 of 3rd period - Dominic Moore wins face-off versus Ryan OReilly in BlackHawks zone.
11:28 of 3rd period - Antoine Vermette is hit by Trevor Lewis and loses puck.
11:53 of 3rd period - Icing by Adam McQuaid.
11:54 of 3rd period - Tyler Bozak wins face-off versus Trevor Lewis in BlackHawks zone.
11:54 of 3rd period - Tyler Bozak is hit by Keith Aulie.
12:00 of 3rd period - Shot by Tyler Bozak.
12:00 of 3rd period - Deflect By Justin Williams.
12:00 of 3rd period - Stopped by Cam Ward without a rebound.
12:01 of 3rd period - Alex Galchenyuk wins face-off versus Tyler Bozak in BlackHawks zone.
12:01 of 3rd period - Alex Galchenyuk is hit by Tyler Bozak.
12:29 of 3rd period - Shot by Martin Hanzal.
12:29 of 3rd period - Stopped by Martin Jones without a rebound.
12:30 of 3rd period - Ryan Kesler wins face-off versus Ryan OReilly in Oilers zone.
12:48 of 3rd period - Shot by Mikkel Boedker.
12:48 of 3rd period - Stopped by Cam Ward without a rebound.
12:49 of 3rd period - Trevor Lewis wins face-off versus Aleksander Barkov in BlackHawks zone.
13:02 of 3rd period - Shot by Aleksander Barkov.
13:02 of 3rd period - Stopped by Cam Ward without a rebound.
13:03 of 3rd period - Ryan Kesler wins face-off versus Martin Hanzal in BlackHawks zone.
13:03 of 3rd period - Ryan Kesler is hit by Dion Phaneuf.
13:04 of 3rd period - Minor Penalty to Robyn Regehr for Hooking.
13:05 of 3rd period - Mike Richards wins face-off versus Justin Williams in BlackHawks zone.
13:05 of 3rd period - Mike Richards is hit by Tyler Bozak.
13:27 of 3rd period - Shot by Justin Williams.
13:27 of 3rd period - Deflect By Scottie Upshall.
13:27 of 3rd period - Shot Blocked by Dion Phaneuf.
13:29 of 3rd period - Shot by Justin Williams.
13:29 of 3rd period - Shot Misses the Net.
13:35 of 3rd period - Shot by Tyler Bozak.
13:35 of 3rd period - Stopped by Cam Ward without a rebound.
13:36 of 3rd period - Ryan Kesler wins face-off versus Mike Richards in BlackHawks zone.
13:39 of 3rd period - Shot by Antoine Vermette.
13:39 of 3rd period - Shot Misses the Net.
13:48 of 3rd period - Off-side.
13:49 of 3rd period - Ryan Kesler wins face-off versus Mike Richards in neutral zone.
13:51 of 3rd period - Mikkel Boedker is hit by Adam McQuaid and loses puck.
14:19 of 3rd period - Mikkel Boedker is hit by Adam McQuaid and loses puck.
14:25 of 3rd period - Minor Penalty to Adam McQuaid for Holding.
14:26 of 3rd period - Tyler Bozak wins face-off versus Trevor Lewis in BlackHawks zone.
14:35 of 3rd period - Shot by Marc Methot.
14:35 of 3rd period - Shot Misses the Net.
14:43 of 3rd period - Shot by Tyler Bozak.
14:43 of 3rd period - Stopped by Cam Ward without a rebound.
14:44 of 3rd period - Trevor Lewis wins face-off versus Tyler Bozak in BlackHawks zone.
14:59 of 3rd period - Shot by Justin Williams.
14:59 of 3rd period - Shot Hit the Post.
15:12 of 3rd period - Tyler Bozak is hit by Kevin Bieksa and loses puck.
16:07 of 3rd period - Shot by Mikkel Boedker.
16:07 of 3rd period - Stopped by Cam Ward without a rebound.
16:08 of 3rd period - Tyler Bozak wins face-off versus Mike Richards in BlackHawks zone.
16:15 of 3rd period - Shot by Marc-Edouard Vlasic.
16:15 of 3rd period - Shot Misses the Net.
16:17 of 3rd period - Shot by Marco Scandella.
16:17 of 3rd period - Shot Misses the Net.
16:19 of 3rd period - Shot by Marc-Edouard Vlasic.
16:19 of 3rd period - Shot Misses the Net.
16:56 of 3rd period - Shot by Chris Stewart.
16:56 of 3rd period - Stopped by Martin Jones with a rebound.
17:23 of 3rd period - Adam McQuaid is hit by Mikkel Boedker and loses puck.
17:46 of 3rd period - Shot by Mikkel Boedker.
17:46 of 3rd period - Stopped by Cam Ward without a rebound.
17:47 of 3rd period - Tyler Bozak wins face-off versus Martin Hanzal in BlackHawks zone.
17:51 of 3rd period - Icing by Marek Zidlicky.
17:52 of 3rd period - Tyler Bozak wins face-off versus Martin Hanzal in BlackHawks zone.
18:35 of 3rd period - BlackHawks, Cam Ward is pulled from the net.
19:36 of 3rd period - Icing by Marek Zidlicky.
19:37 of 3rd period - Cam Ward from BlackHawks was sent back in the game.
19:37 of 3rd period - Ryan Kesler wins face-off versus Martin Hanzal in BlackHawks zone.
19:44 of 3rd period - BlackHawks, Cam Ward is pulled from the net.
Goals for this period are 0 for BlackHawks vs 1 for Oilers.
Shots for this period are 4 for BlackHawks vs 10 for Oilers.